 Dungeon Crawl Stone Soup version 0.30-a0-862-g1aabd4f9c5 (webtiles) character file.

Game seed: 17191163178609460207

1232 Maxmaps the Ducker (level 8, -18/67 HPs)
             Began as a Gnoll Monk on Mar 9, 2023.
             Was a Priest of Cheibriados.
             Demolished by an ogre
             ... wielding a +0 giant club
              (27 damage)
             ... on level 6 of the Dungeon.
             The game lasted 00:06:23 (5539 turns).

Maxmaps the Ducker (Gnoll Monk)                     Turns: 5539, Time: 00:06:24

Health: -18/67     AC:  9    Str: 18    XL:     8   Next: 48%
Magic:  13/13      EV: 16    Int: 19    God:    Cheibriados [***...]
Gold:   426        SH:  6    Dex: 24    Spells: 13/13 levels left

rFire   . . .      SeeInvis .    q - +2 dagger (venom)
rCold   . . .      Faith    .    s - +0 buckler
rNeg    . . .      Spirit   .    r - +1 ring mail
rPois   .          Reflect  .    e - +0 helmet
rElec   .          Rampage  .    (no cloak)
rCorr   .                        i - +0 pair of gloves
Will    .....                    (no boots)
Stlth   +++                      (no amulet)
HPRegen 0.31/turn                (no ring)
MPRegen 0.13/turn                (no ring)

@: lethally poisoned (-18 -> -21), slowed, very slow
A: fangs 1, strong nose, distributed training
a: Renounce Religion, Bend Time, Temporal Distortion


You were on level 6 of the Dungeon.
You worshipped Cheibriados.
Cheibriados was most pleased with you.
You visited 2 branches of the dungeon, and saw 7 of its levels.

You collected 450 gold pieces.
You spent 24 gold pieces at shops.

Inventory:

Hand Weapons
 a - a +0 spear of flaming
 q - a +2 dagger of venom (weapon)
Armour
 e - a +0 helmet (worn)
 i - a +0 pair of gloves (worn)
 r - a +1 ring mail (worn)
 s - a +0 buckler (worn)
Wands
 b - a wand of quicksilver (7)
 p - a wand of flame (23)
Scrolls
 k - a scroll of blinking
 l - a scroll of fog
 m - 5 scrolls of enchant armour
 n - 4 scrolls of teleportation
 v - 3 scrolls of identify
 x - a scroll of poison {unknown}
Potions
 c - a potion of ambrosia
 d - a potion of invisibility
 f - a potion of berserk rage
 g - a potion of might
 h - 2 potions of mutation
 j - a potion of brilliance
 o - a potion of curing
 t - 3 potions of haste {unknown}
 u - a potion of degeneration {unknown}
 w - a potion of attraction {unknown}


   Skills:
 + Level 7.4 Fighting
 + Level 3.4 Short Blades
 + Level 3.4 Long Blades
 + Level 3.4 Axes
 + Level 3.4 Maces & Flails
 + Level 7.4 Polearms
 + Level 3.4 Staves
 + Level 3.4 Ranged Weapons
 + Level 3.4 Throwing
 + Level 3.4 Armour
 + Level 7.4 Dodging
 + Level 5.5 Stealth
 + Level 3.4 Shields
 + Level 3.4 Unarmed Combat
 + Level 3.4 Spellcasting
 + Level 2.8 Conjurations
 + Level 2.8 Hexes
 + Level 2.8 Summonings
 + Level 2.8 Necromancy
 + Level 2.8 Translocations
 + Level 2.8 Transmutations
 + Level 2.8 Fire Magic
 + Level 2.8 Ice Magic
 + Level 2.8 Air Magic
 + Level 2.8 Earth Magic
 + Level 2.8 Poison Magic
 + Level 3.8 Invocations
 + Level 3.4 Evocations


You had 13 spell levels left.
You didn't know any spells.
Your spell library contained the following spells:

 Spells                   Type           Power      Damage    Failure   Level
 Apportation              Tloc           28%        N/A       11%         1
 Necrotise                Necr           56%        1d6       11%         1
 Summon Small Mammal      Summ           56%        N/A       11%         1
 Blink                    Tloc           28%        N/A       16%         2
 Lesser Beckoning         Tloc           28%        N/A       16%         2
 Momentum Strike          Conj/Tloc      28%        3d8       16%         2
 Frozen Ramparts          Ice            28%        1d5       30%         3
 Ice Form                 Ice/Tmut       14%        N/A       71%         4
 Summon Ice Beast         Ice/Summ       14%        N/A       71%         4


Dungeon Overview and Level Annotations

Branches:
Dungeon (6/15)             Temple (1/1) D:4

Altars:
Ashenzari
Cheibriados
Dithmenos
Elyvilon
Fedhas
Gozag
Hepliaklqana
Kikubaaqudgha
Makhleb
Nemelex Xobeh
Okawaru
Qazlal
Ru
Sif Muna
Trog
Uskayaw
Vehumet
Wu Jian
Xom
Yredelemnul
Zin
The Shining One

Shops:
D:1 [(?*(   D:2 *?   D:4 (


Innate Abilities, Weirdness & Mutations

You have very sharp teeth.
Your uncanny sense of smell can sniff out nearby items.
Your experience applies equally to all skills.


Message History

You bite the kobold, but do no damage. You barely miss the kobold.
The kobold is moderately wounded.
The kobold misses you.
The kobold brigand throws a curare-tipped dart.
The curare-tipped dart hits you.
You are poisoned.
You have difficulty breathing.
You feel yourself slow down.
You barely miss the kobold.
The kobold is heavily wounded.
You feel very sick.
You kill the kobold!
Cheibriados thoroughly appreciates the change of pace.
Cheibriados raises the support of your attributes as your movement slows.
The kobold misses you.
You hit the kobold.
You kill the kobold!
Cheibriados thoroughly appreciates the change of pace.
You feel very sick. You block the ogre's attack.
The kobold brigand hits you with a +0 club.
You hit the ogre.
The ogre is poisoned.
The ogre is lightly wounded.
You feel very sick.
The kobold brigand hits you but does no damage.
You hit the ogre.
The ogre is moderately wounded.
You feel sick. The ogre hits you with a +0 giant club!
The kobold brigand hits you with a +0 club!
You hit the ogre.
The ogre is heavily wounded.
You feel sick.
The kobold brigand hits you but does no damage.
The ogre hits you with a +0 giant club!
* * * LOW HITPOINT WARNING * * *
The ogre attacks as you move away! The ogre misses you.
You feel very sick.
The kobold brigand hits you but does no damage.
The ogre hits you with a +0 giant club!!
You die...

#... #[..#######
.###...#.....# .
.......#.....# .
.....#.....# ...#.....#
#######)#..>..#
.......K......#
.......@O.....#
..............# ∆ ######
..............# ......
..............# ......
..............####+ ......
................... ......
..........)........ ∆
...... ...................
.###################'##....


You could see a kobold brigand and an ogre (poisoned).

Vanquished Creatures
  Grinder (D:6)
  An ice beast (D:6)
  An ogre (D:5)
  A kobold brigand (D:6)
  3 scorpions
  4 hounds
  A gnoll bouda (D:5)
  4 jellies
  2 iguanas (D:6)
  2 orc wizards
  9 gnolls
  2 adders
  2 shadow imps
  2 ufetubi (D:5)
  7 worms
  2 dart slugs
  11 orcs
  13 ball pythons
  2 bats (D:2)
  4 endoplasms
  4 giant cockroaches
  9 goblins
  8 hobgoblins
  5 jackals
  4 frilled lizards
  8 kobolds
  6 rats
118 creatures vanquished.

Notes
Turn   | Place    | Note
-------+----------+-------------------------------------------
     0 | D:1      | Maxmaps the Gnoll Monk began the quest for the Orb.
     0 | D:1      | Reached XP level 1. HP: 23/23 MP: 1/1
    87 | D:1      | Reached XP level 2. HP: 29/29 MP: 2/2
    92 | D:1      | Found Oqes's Antique Weapon Shop.
   103 | D:1      | Found Mererphe's Weapon Shop.
   106 | D:1      | Found Udeamem's Magic Scroll Shoppe.
   109 | D:1      | Found Boamaimoi's Assorted Antiques.
   169 | D:1      | Found Xohinik's Antique Armour Emporium.
   780 | D:2      | Found a faded altar of an unknown god.
   804 | D:2      | Reached XP level 3. HP: 35/35 MP: 3/3
   931 | D:2      | Found Oskiag's Assorted Antiques.
   946 | D:2      | Reached skill level 1 in Invocations
  1475 | D:2      | Found Jemnoiwe's Magic Scroll Boutique.
  1481 | D:2      | Reached skill level 1 in Short Blades
  1481 | D:2      | Reached skill level 1 in Long Blades
  1481 | D:2      | Reached skill level 1 in Axes
  1481 | D:2      | Reached skill level 1 in Maces & Flails
  1481 | D:2      | Reached skill level 1 in Staves
  1481 | D:2      | Reached skill level 1 in Ranged Weapons
  1481 | D:2      | Reached skill level 1 in Throwing
  1481 | D:2      | Reached skill level 1 in Armour
  1481 | D:2      | Reached skill level 1 in Shields
  1481 | D:2      | Reached skill level 1 in Unarmed Combat
  1481 | D:2      | Reached skill level 1 in Spellcasting
  1481 | D:2      | Reached skill level 1 in Evocations
  1485 | D:2      | Bought a scroll of identify for 24 gold pieces
  1625 | D:3      | Reached XP level 4. HP: 29/41 MP: 5/5
  1876 | D:3      | Reached skill level 1 in Conjurations
  1876 | D:3      | Reached skill level 1 in Hexes
  1876 | D:3      | Reached skill level 1 in Summonings
  1876 | D:3      | Reached skill level 1 in Necromancy
  1876 | D:3      | Reached skill level 1 in Translocations
  1876 | D:3      | Reached skill level 1 in Transmutations
  1876 | D:3      | Reached skill level 1 in Fire Magic
  1876 | D:3      | Reached skill level 1 in Ice Magic
  1876 | D:3      | Reached skill level 1 in Air Magic
  1876 | D:3      | Reached skill level 1 in Earth Magic
  1876 | D:3      | Reached skill level 1 in Poison Magic
  2049 | D:3      | Reached XP level 5. HP: 47/47 MP: 7/7
  2317 | D:4      | Found Sibonant's Antique Weapon Emporium.
  2718 | D:4      | Reached XP level 6. HP: 16/53 MP: 8/8
  2858 | D:4      | Found a staircase to the Ecumenical Temple.
  3017 | Temple   | Entered the Ecumenical Temple
  3159 | Temple   | Became a worshipper of Cheibriados the Contemplative
  3159 | Temple   | Reached * piety under Cheibriados
  3159 | Temple   | Reached ** piety under Cheibriados
  3286 | D:4      | Identified the +0 leather armour "Uvod Ar Des" {MP+9 Str+5
                  | Stlth+}
  3492 | D:5      | Entered Level 5 of the Dungeon
  3503 | D:5      | Found an iron altar of Okawaru.
  3846 | D:5      | Reached XP level 7. HP: 43/60 MP: 10/10
  4161 | D:5      | Found a basalt altar of Yredelemnul.
  4165 | D:5      | Found a blossoming altar of Fedhas.
  4175 | D:5      | Found a radiant altar of Vehumet.
  4175 | D:5      | Found a bloodstained altar of Trog.
  4268 | D:5      | Found a glowing golden altar of the Shining One.
  4575 | D:5      | Reached skill level 5 in Stealth
  4971 | D:6      | Reached *** piety under Cheibriados
  4972 | D:6      | Reached XP level 8. HP: 67/67 MP: 12/12
  5140 | D:6      | Noticed Grinder
  5159 | D:6      | Killed Grinder
  5539 | D:6      | Demolished by an ogre

Illustrated notes

Levels and vault maps discovered:
D:1:      minmay_arrival_jagged, layout_basic, serial_shops,
          nicolae_shop_overgrown_old_shop, shop_scrolls, nicolae_shop_crystal,
          shop, nicolae_shop_waterfront
D:2:      wander_river, layout_loops_ring, serial_shops, nicolae_shop_trees,
          nicolae_shop_advertising_works [nicolae_subvault_shop_adworks],
          nicolae_ecumenical_oubliette, minmay_ruptured
D:3:      layout_basic, kennysheep_potato
D:4:      layout_loops_cross, minmay_temple_entry_offerings, serial_shops,
          shop_statue, due_unseen_surprise
D:5:      layout_loops_ring, nicolae_overflow_hallway_of_the_gods,
          amcnicky_altar_gilded, chequers_serial_rivers_micro_c,
          nicolae_underground_beach
D:6:      layout_gridville, uniq_grinder, uniq_crazy_yiuf_cottage
Temple:   lightli_temple_of_artemis

Skill      XL: |  1  2  3  4  5  6  7 |
---------------+----------------------+-----
Invocations    | 1 2 3 |  3.8
Short Blades   | 1 2 3 |  3.4
Long Blades    | 1 2 3 |  3.4
Axes           | 1 2 3 |  3.4
Maces & Flails | 1 2 3 |  3.4
Staves         | 1 2 3 |  3.4
Ranged Weapons | 1 2 3 |  3.4
Throwing       | 1 2 3 |  3.4
Armour         | 1 2 3 |  3.4
Shields        | 1 2 3 |  3.4
Unarmed Combat | 1 2 3 |  3.4
Spellcasting   | 1 2 3 |  3.4
Evocations     | 1 2 3 |  3.4
Conjurations   | 1 2 |  2.8
Hexes          | 1 2 |  2.8
Summonings     | 1 2 |  2.8
Necromancy     | 1 2 |  2.8
Translocations | 1 2 |  2.8
Transmutations | 1 2 |  2.8
Fire Magic     | 1 2 |  2.8
Ice Magic      | 1 2 |  2.8
Air Magic      | 1 2 |  2.8
Earth Magic    | 1 2 |  2.8
Poison Magic   | 1 2 |  2.8
Fighting       | 7 |  7.4
Polearms       | 7 |  7.4
Dodging        | 7 |  7.4
Stealth        | 5 |  5.5

Action                     |  1- 3 |  4- 6 |  7- 9 || total
---------------------------+-------+-------+-------++-------
  Melee: Spear             |    75 |       |       ||    75
         Bite              |     8 |    22 |    25 ||    55
         Punch             |     2 |     2 |     2 ||     6
         Dagger            |    51 |   146 |   169 ||   366
    Use: Scroll            |     9 |       |     8 ||    17
   Stab: Sleeping          |    13 |    15 |     1 ||    29
 Armour: Robe              |    17 |     5 |       ||    22
         Ring mail         |       |    22 |    52 ||    74
  Dodge: Dodged            |    52 |    72 |   107 ||   231
  Block: Buckler           |       |       |    31 ||    31

Table legend: (Time is in decaauts)
 A = Elapsed time spent in this place.
 B = Non-inter-level travel time spent in this place.
 C = Inter-level travel time spent in this place.
 D = Time resting spent in this place.
 E = Time spent auto-exploring this place.
 F = Levels seen in this place.
 G = Mean time per level.
                   A        B        C        D        E       F      G
               +--------+--------+--------+--------+--------+-----+--------+
         Total |   6236 |   5906 |    330 |    904 |   3917 |   7 |  890.9 |
       Dungeon |   6074 |   5757 |    317 |    904 |   3785 |   6 | 1012.3 |
        Temple |    162 |    149 |     13 |      0 |    132 |   1 |  162.0 |
               +--------+--------+--------+--------+--------+-----+--------+

Top non-repeatable levels by time:
     D:5: 1752 daAuts
     D:4: 1078 daAuts
     D:2: 846 daAuts
     D:6: 827 daAuts
     D:1: 817 daAuts
     D:3: 752 daAuts
  Temple: 162 daAuts
